 Dungeon Crawl Stone Soup version 0.31.0-11-ge490571c62 (webtiles) character file.

Game seed: 14363398978302996687

98 PaiMei the Grave Robber (level 4, -3/31 HPs)
             Began as a Demonspawn Necromancer on Feb 5, 2024.
             Slain by an ufetubus (4 damage)
             ... on level 3 of the Dungeon.
             The game lasted 00:03:53 (2280 turns).

PaiMei the Grave Robber (Demonspawn Necromancer)    Turns: 2280, Time: 00:03:53

Health: -3/31      AC:  2    Str:  9    XL:     4   Next: 43%
Magic:  8/8        EV: 14    Int: 17    God:
Gold:   106        SH:  0    Dex: 13    Spells: 4/8 levels left

rFire   . . .        g - +0 dagger
rCold   . . .        (no shield)
rNeg    . . .        a - +0 robe
rPois   .            (no helmet)
rElec   .            (no cloak)
rCorr   .            (no gloves)
SInv    .            (no boots)
Will    .....        (no amulet)
Stlth   ++           (no ring)
HPRegen 0.25/turn    (no ring)
MPRegen 0.11/turn

%: no passive effects
@: no status effects
A: repulsion field 1, demonic guardian 1
a: no special abilities


You were on level 3 of the Dungeon.
You visited 1 branch of the dungeon, and saw 3 of its levels.

You collected 106 gold pieces.

Inventory:

Hand Weapons
 g - a +0 dagger (weapon)
Armour
 a - a +0 robe (worn)
Scrolls
 e - a scroll of noise {unknown}
 f - a scroll of blinking {unknown}
 h - a scroll of fog {unknown}
 i - a scroll of amnesia {unknown}
 j - a scroll of identify {unknown}
 k - a scroll of revelation {unknown}
Potions
 b - a potion of magic
 c - a potion of brilliance {unknown}
 d - 2 potions of lignification {unknown}
 l - a potion of haste {unknown}
 m - 2 potions of mutation {unknown}
 n - a potion of curing {unknown}
 o - a potion of cancellation {unknown}
 p - 2 potions of enlightenment {unknown}
 q - a potion of degeneration {unknown}
 r - a potion of might {unknown}


   Skills:
 + Level 0.4 Fighting
 + Level 2.6 Dodging
 - Level 2.5 Stealth
 + Level 2.7 Spellcasting
 + Level 5.0 Necromancy


You had 4 spell levels left.
You knew the following spells:

 Your Spells              Type           Power      Damage    Failure   Level
a - Necrotise             Necr           76%        1d7       2%          1
b - Vampiric Draining     Necr           19%        2d7       7%          3

Your spell library contained the following spells:

 Spells                   Type           Power      Damage    Failure   Level
 Animate Dead             Necr           19%        N/A       22%         4
 Curse of Agony           Necr           19%        N/A       54%         5


Dungeon Overview and Level Annotations

Branches:
Dungeon (3/15)

Altars:


Innate Abilities, Weirdness & Mutations

You are surrounded by a mild repulsion field. (EV +2)
A weak demonic guardian rushes to your aid.


Message History

The ufetubus hits you but does no damage. x2
The ufetubus hits you. The ufetubus closely misses you.
The ufetubus hits you but does no damage.
The ufetubus closely misses you. The ufetubus barely misses you.
The ufetubus hits you. The ufetubus completely misses you.
The ufetubus closely misses you. The ufetubus hits you.
The ufetubus barely misses you. The ufetubus barely misses you.
The ufetubus hits you. The ufetubus attacks as it pursues you!
The ufetubus barely misses you. The ufetubus closely misses you.
You hit the ufetubus.
The ufetubus is lightly wounded.
The ufetubus barely misses you. The ufetubus hits you.
The ufetubus barely misses you. The ufetubus hits you.
You barely miss the ufetubus.
The ufetubus is lightly wounded.
The ufetubus slips past you! The ufetubus barely misses you.
The ufetubus hits you but does no damage.
You hit the ufetubus.
The ufetubus is lightly wounded.
The ufetubus hits you but does no damage.
The ufetubus hits you. The ufetubus closely misses you. The ufetubus hits you.
* * * LOW HITPOINT WARNING * * *
The ufetubus hits you.
* * * LOW HITPOINT WARNING * * *
A demonic guardian appears!
The ufetubus misses you. The ufetubus closely misses you.
The ufetubus hits you.
* * * LOW HITPOINT WARNING * * *
You hit the ufetubus.
The ufetubus is heavily wounded.
The ufetubus hits you.
* * * LOW HITPOINT WARNING * * *
The ufetubus misses you. The ufetubus hits you.
* * * LOW HITPOINT WARNING * * *
The ufetubus closely misses you.
Your white imp hits the ufetubus.
Your white imp freezes the ufetubus.
The ufetubus resists.
The ufetubus dies!
Your Necromancy skill increases to level 5!
The ufetubus attacks as it pursues you! The ufetubus hits you.
You die...

#(# ##.## #. #.# #.# #. #.#
#.# #. #.######### #.# #.
#.........# #.# #.
#########.......#.# #.# #.
#. #..........##...#.# #.#
#.
#.####.############.##.###.#
#.
#..............5@5...#..##.#
#.
....##.############..##.##.#
#. #.#.##.# #..##.##.# #.
#....#.### #..##.##.#####.
.........#
#####..............
###..#.#.#
..............######
#..#.#.###..#########.####
#...........# #.#
####...#.##############.##


You could see an ufetubus and a friendly white imp (summoned).

Vanquished Creatures
  A gnoll (D:1)
  2 adders
  2 ribbon worms (D:2)
  An orc (D:2)
  4 bats
  5 endoplasms
  A giant cockroach (D:3)
  6 hobgoblins
  3 jackals (D:2)
  2 kobolds (D:1)
  4 quokkas
  3 ball pythons
  5 frilled lizards
  4 goblins
  3 rats
46 creatures vanquished.

Vanquished Creatures (collateral kills)
  An ufetubus (D:3)
  3 endoplasms
  A goblin (D:1)
  A kobold (D:1)
  A rat (D:1)
7 creatures vanquished.

Grand Total: 53 creatures vanquished

Notes
Turn   | Place    | Note
-------+----------+-------------------------------------------
     0 | D:1      | PaiMei the Demonspawn Necromancer began the quest for the
                  | Orb.
     0 | D:1      | Reached XP level 1. HP: 13/13 MP: 3/3
   280 | D:1      | Gained mutation: You are surrounded by a mild repulsion
                  | field. (EV +2) [demonic ancestry]
   280 | D:1      | Reached XP level 2. HP: 19/19 MP: 1/5
   540 | D:1      | Gained mutation: A weak demonic guardian rushes to your
                  | aid. [demonic ancestry]
   540 | D:1      | Reached XP level 3. HP: 24/24 MP: 3/6
  1667 | D:2      | Found a faded altar of an unknown god.
  1742 | D:2      | Reached XP level 4. HP: 30/30 MP: 3/8
  1790 | D:2      | Learned a level 3 spell: Vampiric Draining
  2279 | D:3      | HP: 1/31 [ufetubus (1)]
  2280 | D:3      | Reached skill level 5 in Necromancy
  2280 | D:3      | Slain by an ufetubus

Illustrated notes

Levels and vault maps discovered:
D:1:      spicycebolla_arrival_clurvy, layout_basic
D:2:      layout_basic, hellmonk_ecumenical_altar_run_dry
D:3:      layout_loops_ring, overflow_temple_1_default

Skill      XL: |  1  2  3  4 |
---------------+-------------+-----
Dodging        | 2 |  2.6
Stealth        | 2 |  2.5
Necromancy     | 5 |  5.0
Fighting       | |  0.4
Spellcasting   | |  2.7

Action                     |  1- 3 |  4- 6 || total
---------------------------+-------+-------++-------
  Melee: Dagger            |    16 |    11 ||    27
   Cast: Necrotise         |    82 |    20 ||   102
 Armour: Robe              |     7 |    29 ||    36
  Dodge: Dodged            |     9 |    27 ||    36
